 Dungeon Crawl Stone Soup version 0.17.0-22-g5edae84 (webtiles) character file.

4079 RKaid the Cleaver (level 10, -21/99 HPs)
             Began as a Minotaur Fighter on Nov 13, 2015.
             Was a Priest of Okawaru.
             Hit by a large rock thrown by a cyclops (34 damage)
             ... on level 9 of the Dungeon.
             The game lasted 00:24:33 (9471 turns).

RKaid the Cleaver (Minotaur Fighter)                Turns: 9471, Time: 00:24:33

Health: -21/99     AC:  9    Str: 22    XL:     10   Next: 5%
Magic:  3/8        EV: 10    Int:  5    God:    Okawaru [***...]
Gold:   408        SH:  6    Dex: 12    Spells: 0 memorised, 9 levels left

rFire  . . .     SeeInvis .     a - +0 war axe
rCold  . . .     Clarity  .     b - +0 scale mail
rNeg   + . .     SustAt   .     M - +0 buckler
rPois  .         Gourm    .     (helmet restricted)
rElec  .         Spirit   .     u - +0 cloak
rCorr  .         Warding  +     (no gloves)
rMut   .         Stasis   .     (no boots)
MR     +....                    F - amulet of warding
Stlth  ..........               (no ring)
                                S - ring of protection from magic

@: about to teleport, somewhat resistant to hostile enchantments, extremely
unstealthy
A: retaliatory headbutt, horns 2, low mp 1, robust 1, MP-powered wands
a: Heroism, Renounce Religion


You were on level 9 of the Dungeon.
You worshipped Okawaru.
Okawaru was most pleased with you.
You were hungry.

You visited 2 branches of the dungeon, and saw 10 of its levels.
You also visited: Sewer and Ossuary.

You collected 408 gold pieces.

Inventory:

Hand Weapons
 a - a +0 war axe (weapon)
 R - a +2 hand axe of flaming
Armour
 b - a +0 scale mail (worn)
 c - a +0 shield
 u - a +0 cloak (worn)
 M - a +0 buckler (worn)
Jewellery
 E - an uncursed ring of fire
 F - an amulet of warding (around neck)
 I - an uncursed ring of poison resistance {unknown}
 Q - an uncursed ring of fire
 S - a ring of protection from magic (left hand)
Wands
 g - a wand of fireball (2)
 q - a wand of teleportation (1)
 v - a wand of enslavement (11)
 G - a wand of lightning (4)
 N - a wand of lightning (8)
 V - a wand of digging (14)
Scrolls
 i - 7 scrolls of teleportation
 j - 6 scrolls of remove curse
 k - a scroll of magic mapping
 l - 2 scrolls of fog {unknown}
 m - 3 scrolls of enchant armour {unknown}
 n - a scroll of recharging {unknown}
 o - 2 scrolls of enchant weapon {unknown}
 w - a scroll of fear {unknown}
 z - a scroll of noise {unknown}
 A - 2 scrolls of acquirement {unknown}
 H - a scroll of vulnerability {unknown}
 L - 3 scrolls of identify
 P - a scroll of summoning {unknown}
 X - a scroll of torment {unknown}
Potions
 d - 5 potions of curing
 f - 2 potions of brilliance {unknown}
 h - a potion of lignification
 p - 2 potions of resistance
 r - 4 potions of invisibility
 s - a potion of magic {unknown}
 t - a potion of haste
 B - 2 potions of flight {unknown}
 C - a potion of heal wounds
 D - 2 potions of cure mutation
 U - a potion of ambrosia {unknown}
 W - a potion of agility {unknown}
Books
 x - the Guide on Hexes
   (You found it in a sewer)

   Spells                             Type                      Level
   a - Confusing Touch                Hexes                        2
   b - Summon Guardian Golem          Hexes/Summoning              3
   c - Darkness                       Hexes                        6
 y - a book of Power

   Spells                             Type                      Level
   a - Fulminant Prism                Conjuration/Hexes            4
   b - Iskenderun's Mystic Blast      Conjuration                  4
   c - Venom Bolt                     Conjuration/Poison           5
   d - Bolt of Magma                  Conjuration/Fire/Earth       5
   e - Iron Shot                      Conjuration/Earth            6
   f - Orb of Destruction             Conjuration                  7
   g - Spellforged Servitor           Conjuration/Summoning        7
 T - a book of Minor Magic

   Spells                             Type                      Level
   a - Magic Dart                     Conjuration                  1
   b - Blink                          Translocation                2
   c - Call Imp                       Summoning                    2
   d - Repel Missiles                 Charms/Air                   2
   e - Slow                           Hexes                        2
   f - Conjure Flame                  Conjuration/Fire             3
   g - Mephitic Cloud                 Conjuration/Poison/Air       3
 Z - a book of Cantrips

   Spells                             Type                      Level
   a - Corona                         Hexes                        1
   b - Animate Skeleton               Necromancy                   1
   c - Summon Small Mammal            Summoning                    1
   d - Apportation                    Translocation                1
Comestibles
 e - 3 bread rations
 J - 3 meat rations
 K - a beef jerky
 O - a slice of pizza


   Skills:
 + Level 8.8 Fighting
 * Level 10.9 Axes
 + Level 8.8 Armour
 + Level 8.6 Shields


You had 9 spell levels left.
You didn't know any spells.

Dungeon Overview and Level Annotations

Branches:
Dungeon (9/15)             Temple (1/1) D:4
   Lair: D:8-11         Orc: D:9-12

Altars:
Ashenzari
Cheibriados
Dithmenos
Elyvilon
Fedhas
Gozag
Kikubaaqudgha
Makhleb
Nemelex Xobeh
Okawaru
Qazlal
Ru
Sif Muna
Trog
Vehumet
Xom
Yredelemnul
Zin
The Shining One

Annotations:
D:4 wobbegong's ghost, novice HuIE
D:9 Pikel; Prince Ribbit


Innate Abilities, Weirdness & Mutations

You reflexively headbutt those who attack you in melee.
You have a pair of horns on your head.
Your magical capacity is low (-10% MP).
You are robust (+10% HP).
You expend magic power (3 MP) to strengthen your wands.


Message History

You kill the orc!
Okawaru accepts your kill.
Evoking this partially-identified wand wasted a few charges.
The orc warrior barely misses you.
The orc warrior hits you from afar with a trident!!
The cyclops throws a large rock.
You block the large rock.
You see here a large rock.
The cyclops throws a large rock.
You block the large rock.
You see here a large rock.
The cyclops throws a large rock.
The large rock hits you!
* * * LOW HITPOINT WARNING * * *
You see here a large rock.
Evoke which item? (* to show all) (? for menu, Esc to quit)
Zapping:
q - a wand of teleportation (2)
Press: ? - help, Shift-Dir - straight line, f - you, p - orc warrior You feel strangely unstable.
This wand has 1 charge left.
The orc warrior hits you from afar with a trident!
* * * LOW HITPOINT WARNING * * *
The cyclops throws a large rock.
The large rock hits you!!
You die...

###.
##.################
.....##..#####
.....o
..(..........#
....##
....)........#
.o....
###..#.._..###
.....
#..#.....#####
..... ...
#.........# .....
... #.........#
..... ###
#.@.......# ......
#.........# ......
#.o.###...# ......
#...###..C##).....
#...(.....C'......
#.....(.(.)#
#..........#
#..........#
#..........#


You could see a cyclops and an orc warrior.

Vanquished Creatures
  Psyche (D:9)
  Grinder (D:3)
  A phantom (D:4)
  A black bear (D:8)
  A slave (D:8)
  6 ogres
  A sky beast (D:5)
  A necrophage (D:5)
  2 centaurs
  Blork the orc (D:6)
  A gnoll sergeant (D:7)
  2 giant frogs
  5 scorpions
  7 killer bees
  2 centaur zombies (Ossuary)
  4 bog bodies (Ossuary)
  2 giant frog zombies
  2 crimson imps (D:7)
  3 hounds
  3 iguanas
  A jelly (D:6)
  3 orc priests (D:5)
  2 centaur skeletons (D:4)
  A gnoll shaman (D:8)
  9 worker ants
  4 orc wizards
  2 sheep
  A killer bee zombie (Ossuary)
  2 hound zombies (Ossuary)
  8 mummies (Ossuary)
  2 worker ant zombies (Ossuary)
  17 adders
  8 gnolls
  A river rat (D:3)
  10 oozes
  An adder skeleton (D:4)
  4 adder zombies
  3 worms
  20 giant geckos
  25 orcs
  5 ball pythons
  8 bats
  18 giant cockroaches
  7 hobgoblins
  25 jackals
  2 quokkas
  A giant cockroach zombie (Ossuary)
  5 giant gecko zombies (Ossuary)
  15 giant newts
  7 goblins
  A jackal zombie (Ossuary)
  5 kobolds
  A quokka skeleton (D:4)
  A quokka zombie (Ossuary)
  9 rats
281 creatures vanquished.

Vanquished Creatures (others)
  An ogre (D:4)
  A hobgoblin (D:4)
  A quokka (D:4)
  4 plants (Ossuary)
7 creatures vanquished.

Grand Total: 288 creatures vanquished

Notes
Turn   | Place    | Note
--------------------------------------------------------------
     0 | D:1      | RKaid the Minotaur Fighter began the quest for the Orb.
     0 | D:1      | Reached XP level 1. HP: 19/19 MP: 0/0
   267 | D:1      | Reached XP level 2. HP: 24/27 MP: 1/1
   282 | D:1      | Reached skill level 4 in Armour
   773 | D:2      | Reached XP level 3. HP: 13/33 MP: 2/2
  1475 | D:2      | Reached XP level 4. HP: 30/41 MP: 3/3
  1813 | D:2      | Found a deep blue altar of Sif Muna.
  2309 | D:3      | Noticed Grinder
  2321 | D:3      | Paralysed by Grinder for 2 turns
  2326 | D:3      | Paralysed by Grinder for 7 turns
  2335 | D:3      | Killed Grinder
  2335 | D:3      | Reached skill level 5 in Fighting
  2335 | D:3      | Reached skill level 5 in Armour
  2335 | D:3      | Reached XP level 5. HP: 10/48 MP: 4/4
  2335 | D:3      | Reached XP level 6. HP: 11/56 MP: 5/5
  2434 | D:3      | Found a glowing drain.
  2449 | Sewer    | Entered a sewer
  2625 | Sewer    | Reached skill level 5 in Shields
  2629 | Sewer    | Reached skill level 5 in Axes
  2957 | Sewer    | Identified the Guide on Hexes
  3366 | D:4      | Reached XP level 7. HP: 28/61 MP: 6/6
  3656 | D:4      | Found a stormy altar of Qazlal.
  3728 | D:4      | Found a staircase to the Ecumenical Temple.
  3737 | Temple   | Entered the Ecumenical Temple
  3749 | Temple   | Became a worshipper of Warmaster Okawaru
  3831 | D:4      | Found a sacrificial altar of Ru.
  3864 | D:4      | Reached skill level 6 in Axes
  3872 | D:4      | HP: 3/62 [killer bee (4)]
  4492 | D:4      | Found a glowing silver altar of Zin.
  4495 | D:4      | Noticed wobbegong's ghost (novice HuIE)
  4666 | D:4      | Reached skill level 7 in Axes
  4672 | D:4      | Found a shimmering altar of Xom.
  4830 | D:5      | Entered Level 5 of the Dungeon
  4867 | D:5      | Reached * piety under Okawaru
  4867 | D:5      | Reached XP level 8. HP: 70/70 MP: 7/7
  4897 | D:5      | Found a bloodstained altar of Trog.
  5758 | D:5      | Reached skill level 8 in Axes
  5770 | D:5      | Gained mutation: You expend magic power (3 MP) to strengthen your wands. [potion of mutation]
  5770 | D:5      | Gained mutation: Your magical capacity is low (-10% MP). [potion of mutation]
  5770 | D:5      | Gained mutation: You are robust (+10% HP). [potion of mutation]
  6367 | D:6      | Noticed Blork the orc
  6379 | D:6      | Killed Blork the orc
  6412 | D:6      | Reached ** piety under Okawaru
  6479 | D:6      | Reached skill level 9 in Axes
  6479 | D:6      | Reached XP level 9. HP: 69/86 MP: 7/7
  6488 | D:6      | Found a sand-covered staircase.
  6494 | Ossuary  | Entered an ossuary
  7870 | D:7      | Reached skill level 10 in Axes
  7879 | D:7      | Found a glowing golden altar of the Shining One.
  8212 | D:7      | Found an opulent altar of Gozag.
  8717 | D:8      | Reached *** piety under Okawaru
  9194 | D:9      | Noticed Psyche
  9202 | D:9      | Killed Psyche
  9202 | D:9      | Reached XP level 10. HP: 78/99 MP: 8/8
  9322 | D:9      | Noticed Prince Ribbit
  9325 | D:9      | Noticed Pikel
  9391 | D:9      | Noticed a cyclops
  9418 | D:9      | Found a shadowy altar of Dithmenos.
  9471 | D:9      | Hit by a large rock thrown by a cyclops

Action                   |  1- 3 |  4- 6 |  7- 9 | 10-12 || total
-------------------------+-------+-------+-------+-------++-------
Melee: War axe           |   103 |   161 |   437 |    33 ||   734
Evoke: Wand              |       |       |     1 |     2 ||     3
  Use: Potion            |       |     1 |     9 |       ||    10
       Scroll            |       |       |    14 |       ||    14
 Stab: Paralysed         |       |       |     1 |       ||     1
  Eat: Chunk             |     2 |     6 |     7 |       ||    15
       Fruit             |       |       |     4 |       ||     4
       Meat ration       |       |       |     1 |       ||     1
       Bread ration      |       |       |     1 |       ||     1
